 Dungeon Crawl Stone Soup version 0.22-a0-389-g8519d86 (webtiles) character file.

81 Mgcat the Ruffian (level 4, -5/25 HPs)
             Began as a Gargoyle Transmuter on Apr 30, 2018.
             Killed by divine providence
             ... invoked by an orc priest
              (13 damage)
             ... on level 3 of the Dungeon.
             The game lasted 00:05:33 (1822 turns).

Mgcat the Ruffian (Gargoyle Transmuter)             Turns: 1822, Time: 00:05:34

Health: -5/25      AC: 10    Str: 18    XL:     4   Next: 40%
Magic:  5/7        EV: 11    Int: 15    God:
Gold:   68         SH:  0    Dex: 10    Spells: 1/7 levels left

rFire    . . .     SeeInvis .     - Unarmed
rCold    + . .     Gourm    .   (no shield)
rNeg     + . .     Faith    .   f - +1 leather armour {rC+}
rPois    ∞         Spirit   .   (no helmet)
rElec    +         Reflect  .   (no cloak)
rCorr    .         Harm     .   h - +2 pair of gloves
MR       .....                  (no boots)
Stlth    +.........             (no amulet)
HPRegen  0.08/turn              (no ring)
MPRegen  0.10/turn              (no ring)

@: mighty, appendage
A: horns 2, negative energy resistance 1, electricity resistance, unbreathing,
petrification resistance, rot immunity, AC +3
a: End Transformation


You were on level 3 of the Dungeon.
You were not hungry.
You had grown temporary horns.
You visited 1 branch of the dungeon, and saw 3 of its levels.

You collected 68 gold pieces.

Inventory:

Missiles
 a - 7 arrows
 e - 6 curare-tipped needles
Armour
 b - a +0 robe
 f - a +1 leather armour of cold resistance (worn)
   (You found it on level 1 of the Dungeon)
 h - a +2 pair of gloves (worn)
   (You found it on level 1 of the Dungeon)
Jewellery
 m - an uncursed ring of ice {rC+, rF-}
   (You found it on level 2 of the Dungeon)
Wands
 q - a wand of iceblast (10)
   (You found it on level 2 of the Dungeon)
Scrolls
 c - a scroll of amnesia
 i - a scroll of noise {!r}
 o - 2 scrolls of fear
Potions
 g - a potion of heal wounds {unknown}
 k - a potion of degeneration {unknown}
 l - a potion of curing {unknown}
Comestibles
 d - 5 rations
 j - 7 chunks of flesh {@w0}


   Skills:
 - Level 1.1 Fighting
 - Level 1.5 Dodging
 * Level 4.3 Unarmed Combat
 - Level 2.0 Spellcasting
 + Level 2.6 Transmutations
 + Level 0.0 Poison Magic


You had one spell level left.
You knew the following spells:

 Your Spells              Type           Power        Failure   Level  Hunger
a - Beastly Appendage     Tmut           #.....       9%          1    #......
b - Sticks to Snakes      Tmut           #.......     14%         2    ###....
c - Spider Form           Tmut/Pois      #.........   43%         3    ###....


Dungeon Overview and Level Annotations

Branches:
Dungeon (3/15)

Altars:
Nemelex Xobeh
The Shining One


Innate Abilities, Weirdness & Mutations

You are resistant to torment.
Your stone body is resilient. (AC +3)
You are immune to poison.
You resist negative energy. (rN+)
You are resistant to electric shocks. (rElec)
You can survive without breathing.
You are immune to petrification.
You are immune to rotting.
You have a pair of horns on your head.


Message History

Okay, then.
Unknown command.
Unknown command.
As you read the scroll labeled FIASUL DARO, it crumbles to dust.
It is a scroll of identify.
p - a potion of might
As you read the scroll labeled GUSUOBL TEBLU, it crumbles to dust.
It is a scroll of enchant armour.
Your +1 pair of gloves glows green for a moment.
As you read the scroll labeled HOTIPLAFAP, it crumbles to dust.
You assume a fearsome visage.
Nothing appears to happen.
It was a scroll of fear.
As you read the scroll labeled ROUDON OMOSUUR, it crumbles to dust.
You hear a loud clanging noise!
It was a scroll of noise.
You hear a shout! x5
A rat comes into view.
Casting: Beastly Appendage (safe; 10% risk of failure)
Confirm with . or Enter, or press ? or * to list all spells.
You grow a pair of large bovine horns.
You hit the rat but do no damage. You punch the rat!
You kill the rat!
No target in view!
No target in view!
You see here a rat corpse.
You butcher the rat corpse.
j - 7 chunks of flesh {@w0} (gained 1) Magic restored.
Your transformation is almost over.
g - a fizzy dark potion HP restored.
Your horns disappear.
o - 2 scrolls of fear (gained 1)
A frilled lizard comes into view.
Casting: Beastly Appendage (safe; 10% risk of failure)
Confirm with . or Enter, or press ? or * to list all spells.
Your feet morph into talons.
The frilled lizard barely misses you.
You barely miss the frilled lizard. Your kick misses the frilled lizard.
The frilled lizard closely misses you.
You barely miss the frilled lizard. Your kick misses the frilled lizard.
The frilled lizard closely misses you.
You closely miss the frilled lizard. Your kick misses the frilled lizard.
The frilled lizard bites you but does no damage.
You closely miss the frilled lizard.
Your transformation is almost over.
The frilled lizard bites you.
You miss the frilled lizard. Your kick misses the frilled lizard.
The frilled lizard bites you but does no damage.
An orc comes into view. It is wielding a club.
You closely miss the frilled lizard.
The orc shouts!
The frilled lizard barely misses you.
An orc comes into view. It is wielding a club.
The orc shouts!
You hit the frilled lizard but do no damage.
Your kick misses the frilled lizard. The frilled lizard barely misses you.
You hit the frilled lizard.
You kill the frilled lizard!
An orc comes into view.
The orc shouts!
An orc priest comes into view. It is wielding a dagger.
Casting: Beastly Appendage (safe; 10% risk of failure)
Confirm with . or Enter, or press ? or * to list all spells.
You create a snake!
You now have 7 arrows.
The orc priest shouts!
The orc hits you but does no damage.
A worker ant comes into view.
Your talons disappear.
You swap places.
Your ball python closely misses the orc. x2
You closely miss the orc.
Your ball python bites the orc.
Your ball python grabs the orc.
Your ball python constricts the orc.
The orc closely misses you. The orc barely misses you.
You hit the orc but do no damage.
Your ball python bites the orc.
Your ball python constricts the orc.
The orc hits your ball python with a club.
Your ball python dies!
The orc hits you with a club.
The orc shouts!
You hit the orc but do no damage. The orc misses you.
The orc hits you but does no damage.
The orc priest calls down the wrath of Beogh upon you.
Beogh smites you!
Ouch! That really hurt!
Casting: Sticks to Snakes (safe; 14% risk of failure)
Confirm with . or Enter, or press ? or * to list all spells.
You grow a pair of large bovine horns.
The orc closely misses you.
The orc priest looks braver for a moment.
The orc closely misses you.
You closely miss the orc.
The orc is almost dead.
The orc closely misses you.
Okay, then.
You feel very mighty all of a sudden.
The orc priest mumbles some strange prayers to Beogh against you.
Beogh smites you!
Ouch! That really hurt!
You die...

### #.. #.# #######.#
######### ####........
#.......####......###.#
#.####...##...###.# #.#
# #........# #.# #..
####.####@..##...###.#
###
#......oo######......#
# #.##.###o# #.###### #
# #o# #.# # #a# #+# #
#.# ..# #.# ..#


You could see a worker ant, an orc priest and 3 orcs.

Vanquished Creatures
  Terence (D:2)
  2 adders (D:2)
  A dart slug (D:2)
  2 giant cockroaches (D:2)
  7 goblins
  6 hobgoblins
  4 jackals (D:2)
  2 kobolds
  3 bats
  5 frilled lizards
  6 rats
39 creatures vanquished.

Vanquished Creatures (collateral kills)
  A kobold (D:2)
1 creature vanquished.

Grand Total: 40 creatures vanquished

Notes
Turn   | Place    | Note
-------+----------+-------------------------------------------
     0 | D:1      | Mgcat the Gargoyle Transmuter began the quest for the Orb.
     0 | D:1      | Reached XP level 1. HP: 12/12 MP: 3/3
   105 | D:1      | Reached XP level 2. HP: 13/16 MP: 3/5
   109 | D:1      | Learned a level 2 spell: Sticks to Snakes
   202 | D:1      | Reached skill level 2 in Transmutations
  1081 | D:2      | Found a sparkling altar of Nemelex Xobeh.
  1181 | D:2      | Found a glowing golden altar of the Shining One.
  1208 | D:2      | Reached XP level 3. HP: 18/20 MP: 4/6
  1213 | D:2      | Learned a level 3 spell: Spider Form
  1439 | D:2      | Noticed Terence
  1467 | D:2      | Killed Terence
  1467 | D:2      | Reached skill level 4 in Unarmed Combat
  1467 | D:2      | Reached XP level 4. HP: 20/25 MP: 1/7
  1822 | D:3      | Killed from afar by an orc priest

Vault maps used:
D:1:      scummos_arrival_forest, corexii_corridor_pit, minmay_pentomino_x2
D:2:      nemelex_xobeh_ov_fountains_minmay, overflow_temple_1_default,
          minmay_distorted, uniq_terence
D:3:      kennysheep_slug_shrine, okawaru_ov_weapons_minmay, grunt_ministairs_11

Skill      XL: |  1  2  3 |
---------------+----------+-----
Transmutations | 2 |  2.6
Unarmed Combat | 4 |  4.3
Fighting       | |  1.1
Dodging        | |  1.5
Spellcasting   | |  2.0

Action                   |  1- 3 |  4- 6 || total
-------------------------+-------+-------++-------
Melee: Unarmed           |   125 |    45 ||   170
       Kick              |    12 |     1 ||    13
       Headbutt          |     6 |       ||     6
       Punch             |     1 |     2 ||     3
 Cast: Beastly Appendage |    21 |     6 ||    27
       Sticks to Snakes  |     3 |     2 ||     5
  Use: Scroll            |       |     5 ||     5
       Potion            |       |     1 ||     1
  Eat: Chunk             |     2 |     2 ||     4
Armor: Robe              |     6 |       ||     6
       Leather armour    |    48 |    14 ||    62
Dodge: Dodged            |    85 |    36 ||   121

Table legend:
 A = Spawn XP
 B = Non-spawn XP
 C = Spawn XP percentage of total XP
 D = Spawn monster count
 E = Non-spawn monster count
 F = Spawn count percentage of total count
 G = Total turns spent on level
                    A         B        C        D         E        F      G
               +---------+---------+-------+---------+---------+-------+---------
         Total |       0 |     116 |   0.0 |       0 |      40 |   0.0 |  1822
               +---------+---------+-------+---------+---------+-------+---------
           D:1 |       0 |      19 |   0.0 |       0 |      13 |   0.0 |   944
           D:2 |       0 |      95 |   0.0 |       0 |      25 |   0.0 |   810
           D:3 |       0 |       2 |   0.0 |       0 |       2 |   0.0 |    68
               +---------+---------+-------+---------+---------+-------+---------

Vault maps used:
D:1:      scummos_arrival_forest, corexii_corridor_pit, minmay_pentomino_x2
D:2:      nemelex_xobeh_ov_fountains_minmay, overflow_temple_1_default,
          minmay_distorted, uniq_terence
D:3:      kennysheep_slug_shrine, okawaru_ov_weapons_minmay, grunt_ministairs_11

Table legend:
 A = Turns spent in this place as a percentage of turns spent in the entire game.
 B = Non-inter-level travel turns spent in this place as a percentage of non-inter-level travel turns spent in the entire game.
 C = Inter-level travel turns spent in this place as a percentage of turns spent in this place.
 D = Turns resting spent in this place as a percentage of non-inter-level travel turns spent in this place.
 E = Turns spent auto-exploring this place as a percentage of non-inter-level travel turns spent in this place.
 F = Non-inter-level travel turns spent in this place divided by the number of levels of this place that you've seen.
                   A       B       C       D       E      F
               +-------+-------+-------+-------+-------+----------------------
         Total | 100.0 | 100.0 |   2.3 |   0.0 |  76.1 | 593.7
       Dungeon | 100.0 | 100.0 |   2.3 |   0.0 |  76.1 | 593.7
               +-------+-------+-------+-------+-------+----------------------

Table legend:
 A = Kills in this place as a percentage of kills in entire the game.
 B = Kills by you in this place as a percentage of kills by you in the entire game.
 C = Kills by friends in this place as a percentage of kills by friends in the entire game.
 D = Other kills in this place as a percentage of other kills in the entire game.
 E = Experience gained in this place as a percentage of experience gained in the entire game.
 F = Experience gained in this place divided by the number of levels of this place that you have seen.
                   A       B       C       D       E      F
               +-------+-------+-------+-------+-------+----------------------
         Total | 100.0 | 100.0 | 100.0 |   N/A | 100.0 |  38.7
       Dungeon | 100.0 | 100.0 | 100.0 |   N/A | 100.0 |  38.7
               +-------+-------+-------+-------+-------+----------------------
